 Dungeon Crawl Stone Soup version 0.31-a0-1616-gbeaec30b81 (webtiles) character file.

Game seed: 49795470016850889

35097 GordonOverkill the Arsonist (level 13, -5/63 HPs)
             Began as a Spriggan Delver on Jan 9, 2024.
             Was a Priest of Vehumet.
             Slain by a cane toad (15 damage)
             ... on level 4 of the Lair of Beasts on Jan 10, 2024.
             The game lasted 01:00:36 (29395 turns).

GordonOverkill the Arsonist (Spriggan Delver)      Turns: 29395, Time: 01:00:37

Health: -5/63      AC: 10    Str:  8    XL:     13   Next: 45%
Magic:  0/37       EV: 17    Int: 15    God:    Vehumet [***...]
Gold:   676        SH:  0    Dex: 18    Spells: 16/32 levels left

rFire   . . .        o - +6 short sword (freeze)
rCold   . . .        (no shield)
rNeg    . . .        r - +1 steam dragon scales
rPois   .            (helmet restricted)
rElec   .            (no cloak)
rCorr   .            (gloves unavailable)
SInv    +            (boots unavailable)
Will    ++...        m - amulet of guardian spirit
Stlth   ++++         h - ring of magical power
HPRegen 0.30/turn    f - +4 ring of protection
MPRegen 0.25/turn

%: guardian spirit
@: lethally poisoned (-5 -> -24), very quick
A: very small, no large weapons, unfitting armour, see invisible, speed 3
a: Renounce Religion


You were on level 4 of the Lair of Beasts.
You worshipped Vehumet.
Vehumet was most pleased with you.
You visited 3 branches of the dungeon, and saw 17 of its levels.
You also visited: Sewer and Ossuary.

You collected 1068 gold pieces.
You spent 392 gold pieces at shops.

Inventory:

Hand Weapons
 o - a +6 short sword of freezing (weapon)
Missiles
 a - 41 poisoned darts (quivered)
 q - 4 curare-tipped darts
Armour
 r - +1 steam dragon scales (worn)
Jewellery
 b - a ring of ice
 e - an amulet of magic regeneration
 f - a +4 ring of protection (right hand)
 h - a ring of magical power (left hand)
 i - a ring of wizardry
 m - an amulet of guardian spirit (around neck)
 B - a ring of fire
 F - a ring of protection from fire
 H - a ring of willpower
Wands
 g - a wand of digging (3)
 v - a wand of charming (9)
 E - a wand of flame (20)
 M - a wand of iceblast (3)
Scrolls
 c - 3 scrolls of fog
 d - 3 scrolls of revelation
 p - 4 scrolls of amnesia
 u - 7 scrolls of teleportation
 x - 2 scrolls of vulnerability
 y - 2 scrolls of identify
 G - 4 scrolls of fear
 I - 2 scrolls of immolation
 J - a scroll of poison
 L - a scroll of butterflies
 N - a scroll of enchant weapon
 O - a scroll of acquirement {unknown}
 P - a scroll of enchant armour
Potions
 j - 7 potions of curing
 k - 2 potions of berserk rage {unknown}
 l - 5 potions of might
 n - 2 potions of enlightenment
 s - 8 potions of mutation
 t - a potion of heal wounds
 w - 2 potions of brilliance
 z - a potion of magic
 A - a potion of haste
 C - 3 potions of ambrosia
 D - 2 potions of cancellation
 K - 3 potions of attraction {unknown}


   Skills:
 - Level 5.0 Fighting
 - Level 7.0 Short Blades
 - Level 2.6 Dodging
 - Level 7.2 Stealth
 - Level 10.0 Spellcasting
 - Level 10.0 Conjurations
 + Level 3.0 Summonings
 - Level 7.0 Necromancy
 - Level 11.0 Fire Magic
 - Level 3.0 Alchemy
 - Level 3.0 Evocations


You had 16 spell levels left.
You knew the following spells:

 Your Spells              Type           Power      Damage    Failure   Level
a - Flame Wave            Conj/Fire      39%        2d11      1%          4
b - Sticky Flame          Fire/Alch      28%        2d7       1%          4
c - Dispel Undead         Necr           28%        3d13      5%          4
d - Summon Blazeheart Go  Fire/Summ      28%        N/A       5%          4

Your spell library contained the following spells:

 Spells                   Type           Power      Damage    Failure   Level
 Hailstorm                Conj/Ice       22%        3d7       1%          3
 Magic Dart               Conj           100%       1d8       1%          1
 Searing Ray              Conj           74%        2d7       1%          2
 Static Discharge         Conj/Air       44%        3-5/arc   1%          2
 Inner Flame              Hex/Fire       24%        N/A       1%          3
 Vampiric Draining        Necr           28%        2d8       1%          3
 Fulminant Prism          Conj/Alch      13%        3d9       1%          4
 Summon Small Mammal      Summ           64%        N/A       2%          1
 Cigotuvi's Dreadful Rot  Necr/Alch/Air  34%        N/A       3%          2
 Call Canine Familiar     Summ           16%        N/A       9%          3
 Martyr's Knell           Necr/Summ      22%        N/A       12%         4
 Airstrike                Air            3%         2d(1-17)  24%         4
 Gell's Gravitas          Tloc           7%         N/A       28%         3
 Teleport Other           Tloc           7%         N/A       28%         3
 Summon Lightning Spire   Summ/Air       12%        N/A       45%         4
 Death Channel            Necr           14%        N/A       63%         6
 Dispersal                Tloc           3%         N/A       100%        6
 Disjunction              Tloc           3%         N/A       100%        8


Dungeon Overview and Level Annotations

Branches:
Dungeon (11/15)            Temple (1/1) D:7            Lair (5/5) D:11
  Swamp (0/4) Lair:2       Spider (0/4) Lair:3        Slime (0/5) Lair:4
  Sewer (visited)         Ossuary (visited)
    Orc: D:9-12

Altars:
Ashenzari
Cheibriados
Dithmenos
Elyvilon
Fedhas
Gozag
Hepliaklqana
Kikubaaqudgha
Makhleb
Nemelex Xobeh
Okawaru
Qazlal
Ru
Sif Muna
Trog
Uskayaw
Vehumet
Wu Jian
Xom
Yredelemnul
Zin
The Shining One

Shops:
D:5 :   D:6 *


Innate Abilities, Weirdness & Mutations

You are very small and have problems with some larger weapons.
You are too small for most types of armour.
You have supernaturally acute eyesight. (SInv)
You cover ground extremely quickly. (Speed+++)


Message History

You climb upwards.
You feel very sick.
There is a stone staircase leading down here.
Casting: Summon Blazeheart Golem (dangerous; 5% risk of failure)
Confirm with . or Enter, or press ? or * to list all spells.
A fiery spirit appears, bound in slag iron.
You feel sick. The cane toad misses you. The basilisk bites you.
The yak gores you.
Casting: Summon Blazeheart Golem (dangerous; 5% risk of failure)
Confirm with . or Enter, or press ? or * to list all spells.
Aiming: Sticky Flame (dangerous; 1% risk of failure)
Press: ? - help, Shift-Dir - straight line, f - basilisk
Aim: a basilisk (ally target)
The sticky flame hits the basilisk!
The basilisk is moderately wounded.
You feel sick.
The basilisk burns!
The cane toad barely misses you.
The basilisk bites you but does no damage.
The yak gores you!
* * * LOW HITPOINT WARNING * * *
The cane toad stings you!
* * * LOW HITPOINT WARNING * * *
Your blazeheart golem punches the basilisk!!
The basilisk dies!
Vehumet accepts your kill.
Your blazeheart golem's core grows cold and it stops moving.
You feel sick.
You feel sick. The cane toad misses you.
You feel sick.
You feel sick.
The cane toad attacks as it pursues you!
The cane toad stings you!
* * * LOW HITPOINT WARNING * * *
You are lethally poisoned!
The cane toad poisons you!
* * * LOW HITPOINT WARNING * * *
You feel very sick.
The cane toad attacks as it pursues you!
The cane toad stings you!!
You die...

..............................<..
.................................
..............>..................
................................#
................................#
................9...............P
.....(...........................
..............>...............#..
...............F@..............##
..............Y.................#
................................#
................................#
................................#
................................#
.................................
.................................
.................................


You could see a yak, a cane toad (ally target) and a friendly blazeheart golem
(summoned, paralysed).

Vanquished Creatures
  A hydra (Lair:3)
  A ghost crab (Lair:2)
  A boulder beetle (Lair:5)
  A two-headed ogre (D:11)
  4 death yaks
  Nergalle (Lair:3)
  3 skysharks
  An orb spider (Lair:3)
  2 spectral hydras (Lair:2)
  A deep troll (D:9)
  5 black mambas
  8 elephants (Lair:3)
  2 gargoyles (D:10)
  8 komodo dragons
  7 cane toads
  Grinder (D:5)
  6 trolls
  A polar bear (Lair:4)
  3 blink frogs (Lair:1)
  A hornet (D:11)
  5 dream sheep (Lair:4)
  Sigmund (D:2)
  A wraith (D:11)
  24 yaks
  A spectral komodo dragon (Lair:2)
  2 wyverns (Lair:3)
  3 steam dragons
  4 vampire mosquitoes
  6 basilisks
  A spectral cane toad (Lair:2)
  Edmund (D:5)
  A spectral yak (Lair:2)
  17 water moccasins
  Pargi (Sewer)
  A black bear (D:11)
  An orc warrior (D:10)
  2 sky beasts
  An ice beast (D:6)
  3 wolves (Lair:4)
  An ogre (D:7)
  4 centaurs
  A phantom (D:7)
  5 kobold brigands
  A gnoll sergeant (D:11)
  A brain worm (Sewer)
  2 elf zombies (Ossuary)
  17 bullfrogs
  5 scorpions
  15 wights
  10 killer bees
  4 electric eels
  A howler monkey (D:10)
  A bombardier beetle (D:3)
  6 jellies
  A hound (D:6)
  An orc priest (D:11)
  3 human zombies (Ossuary)
  3 orc wizards
  Ijyb (D:3)
  Terence (D:2)
  2 iguanas
  10 hound zombies (Ossuary)
  2 mummies (Ossuary)
  3 gnolls (D:11)
  6 adders
  A river rat (D:3)
  A shadow imp (D:7)
  4 adder zombies (Ossuary)
  4 dart slugs
  22 orcs
  5 ball pythons
  7 bats
  7 endoplasms
  7 giant cockroaches
  8 goblins
  7 hobgoblins
  3 jackals (D:2)
  5 quokkas
  4 frilled lizards
  2 gnoll zombies (Ossuary)
  2 jackal zombies (Ossuary)
  34 kobolds
  5 kobold zombies (Ossuary)
  8 orc zombies (Ossuary)
  5 rats
382 creatures vanquished.

Vanquished Creatures (collateral kills)
  A troll (D:9)
  A basilisk (Lair:4)
  A killer bee (D:8)
3 creatures vanquished.

Vanquished Creatures (others)
  A deep troll (D:9)
  3 elephants (Lair:3)
  A killer bee (D:8)
  A blazeheart core (Lair:5)
6 creatures vanquished.

Grand Total: 391 creatures vanquished

Notes
Turn   | Place    | Note
-------+----------+-------------------------------------------
     0 | D:5      | GordonOverkill the Spriggan Delver began the quest for the
                  | Orb.
     0 | D:5      | Reached XP level 1. HP: 11/11 MP: 2/2
    41 | D:5      | Noticed Grinder
    41 | D:5      | Noticed an iguana
   101 | D:5      | Found a sand-covered staircase.
   108 | Ossuary  | Entered an ossuary
   219 | Ossuary  | Reached XP level 2. HP: 9/16 MP: 3/3
   288 | Ossuary  | Reached XP level 3. HP: 16/20 MP: 4/4
   481 | Ossuary  | Reached XP level 4. HP: 20/24 MP: 5/5
   806 | Ossuary  | Reached skill level 5 in Short Blades
   952 | Ossuary  | Reached XP level 5. HP: 27/28 MP: 6/6
  1040 | Ossuary  | HP: 1/28 [elf zombie (5)]
  1328 | Ossuary  | Reached XP level 6. HP: 17/33 MP: 7/7
  2004 | D:5      | Found Cahirul's Book Shop.
  2342 | D:5      | Reached skill level 1 in Spellcasting
  2342 | D:5      | Reached XP level 7. HP: 25/37 MP: 4/10
  2718 | D:5      | Noticed Edmund
  2730 | D:5      | Paralysed by Grinder for 3 turns
  3538 | D:4      | Found a shimmering altar of Xom.
  3721 | D:3      | Found a glowing drain.
  3725 | Sewer    | Entered a sewer
  3725 | Sewer    | Noticed Pargi
  3729 | Sewer    | Killed Pargi
  3730 | Sewer    | Reached skill level 5 in Spellcasting
  3730 | Sewer    | Reached skill level 1 in Fire Magic
  3798 | Sewer    | Reached skill level 2 in Fire Magic
  4084 | D:3      | Noticed Ijyb
  4091 | D:3      | Killed Ijyb
  4137 | D:2      | Found a faded altar of an unknown god.
  4342 | D:3      | Got the Compilation of Distance and the Catacomb
  4420 | D:3      | Reached XP level 8. HP: 39/42 MP: 16/16
  4554 | D:2      | Noticed Sigmund
  4563 | D:2      | Killed Sigmund
  4564 | D:2      | Reached skill level 3 in Fire Magic
  4740 | D:2      | Noticed Terence
  4755 | D:2      | Killed Terence
  4756 | D:2      | Reached skill level 4 in Fire Magic
  5924 | D:5      | Killed Edmund
  6231 | D:5      | Killed Grinder
  6232 | D:5      | Reached skill level 5 in Fire Magic
  6422 | D:6      | Found a snail-covered altar of Cheibriados.
  6441 | D:6      | Found Muxiogis's Neck Hole.
  6704 | D:6      | Reached XP level 9. HP: 45/45 MP: 17/17
  7420 | D:6      | Found a bloodstained altar of Trog.
  7420 | D:6      | Found a burning altar of Makhleb.
  7426 | D:6      | Found a glowing golden altar of the Shining One.
  7429 | D:6      | Found an opulent altar of Gozag.
  7431 | D:6      | Found a faded altar of an unknown god.
  7527 | D:7      | Found a staircase to the Ecumenical Temple.
  7577 | Temple   | Entered the Ecumenical Temple
  7592 | Temple   | Became a worshipper of Vehumet
  7635 | D:7      | Reached skill level 5 in Conjurations
  7635 | D:7      | Reached skill level 1 in Evocations
  8375 | D:7      | Found a shadowy altar of Dithmenos.
  8516 | D:7      | Found a staircase to the Ecumenical Temple.
  8603 | D:7      | Reached skill level 6 in Fire Magic
  8673 | D:7      | Found a shadowy altar of Dithmenos.
  9155 | D:5      | Bought a book of Flames for 392 gold pieces
  9160 | D:5      | Learned a level 4 spell: Flame Wave
  9165 | D:5      | Learned a level 4 spell: Sticky Flame
  9170 | D:5      | Learned a level 4 spell: Dispel Undead
  9487 | D:8      | Reached * piety under Vehumet
  9487 | D:8      | Offered knowledge of Foxfire by Vehumet.
  9683 | D:8      | Reached skill level 7 in Fire Magic
 10798 | D:8      | Reached XP level 10. HP: 35/36 MP: 18/18
 10948 | D:9      | Reached skill level 8 in Fire Magic
 11662 | D:9      | Found a basalt altar of Yredelemnul.
 13136 | D:9      | Noticed a deep troll
 13165 | D:9      | Killed a deep troll
 13203 | D:9      | Noticed a deep troll
 13237 | D:9      | Noticed a deep troll
 13599 | D:9      | Found a blossoming altar of Fedhas.
 14678 | D:9      | Found a stormy altar of Qazlal.
 14948 | D:10     | Entered Level 10 of the Dungeon
 14953 | D:10     | Reached skill level 9 in Fire Magic
 15722 | D:10     | Reached XP level 11. HP: 30/52 MP: 13/19
 16823 | D:11     | Found a staircase to the Lair.
 16825 | D:11     | Reached ** piety under Vehumet
 16825 | D:11     | Offered knowledge of Scorch by Vehumet.
 17610 | D:11     | Noticed a two-headed ogre
 17613 | D:11     | Reached skill level 10 in Fire Magic
 17625 | D:11     | Killed a two-headed ogre
 17689 | D:11     | Noticed a two-headed ogre
 18572 | Lair:1   | Entered Level 1 of the Lair of Beasts
 18939 | Lair:1   | Identified the +5 dagger of Dung {vamp, Str+2}
 19353 | Lair:1   | Reached skill level 10 in Spellcasting
 19865 | Lair:2   | Noticed a skyshark
 20218 | Lair:2   | Reached XP level 12. HP: 36/58 MP: 12/27
 20419 | Lair:2   | Offered knowledge of Dazzling Flash by Vehumet.
 21292 | Lair:2   | Upgraded the game from 0.31-a0-1612-g4aaf141004 to
                  | 0.31-a0-1616-gbeaec30b81
 22591 | Lair:3   | Noticed Nergalle
 22597 | Lair:3   | Noticed an eight-headed hydra
 22620 | Lair:3   | Killed Nergalle
 23420 | Lair:2   | Found a staircase to the Swamp.
 23420 | Lair:2   | Noticed a ghost crab
 23466 | Lair:2   | Reached skill level 5 in Necromancy
 23594 | Lair:2   | Killed a ghost crab
 23995 | Lair:3   | Reached *** piety under Vehumet
 24356 | Lair:3   | Found a hole to the Spider Nest.
 24580 | Lair:3   | Killed an eight-headed hydra
 24859 | Lair:3   | Reached skill level 11 in Fire Magic
 25603 | Lair:4   | Reached XP level 13. HP: 52/61 MP: 24/28
 26109 | Lair:4   | Found a staircase to the Slime Pits.
 26221 | Lair:4   | Offered knowledge of Hailstorm by Vehumet.
 26595 | Lair:3   | Reached skill level 10 in Conjurations
 26595 | Lair:3   | Reached skill level 1 in Alchemy
 28658 | Lair:4   | Found a staircase to the Slime Pits.
 28813 | Lair:5   | Entered Level 5 of the Lair of Beasts
 29001 | Lair:5   | Learned a level 4 spell: Summon Blazeheart Golem
 29014 | Lair:5   | Reached skill level 5 in Fighting
 29022 | Lair:5   | Reached skill level 1 in Summonings
 29395 | Lair:4   | Slain by a cane toad

Illustrated notes

Levels and vault maps discovered:
D:1:      lightli_iron_boxes, layout_loops_ring, hangedman_decor_diamond_cutter,
          roderic_serpentine_path
D:2:      layout_basic, ebering_ecumenical_altar_rust, hangedman_decor_growths,
          uniq_sigmund, uniq_terence
D:3:      layout_rooms, gup_sewer_entry_spiral, uniq_ijyb
D:4:      layout_basic, general_overflow_altar, serial_curves, eino_curves_03,
          eino_curves_04
D:5:      kennysheep_kobold_camp, layout_basic, chequers_ossuary_entry_cave,
          minmay_shop_grid_forest, uniq_grinder, uniq_edmund, uniq_blork_the_orc
D:6:      layout_loops_corners, chequers_temple_overflow_minitemple,
          overflow_temple_1_default, eino_tiny_chamber, reono_crystal_passage,
          nicolae_shop_sticking_my_neck_out
D:7:      layout_loops_cross, grunt_dithmenos_shadows, minmay_temple_entry_hall
D:8:      layout_rooms, minmay_fractal_squares_gapless_5
D:9:      lemuel_troll_bridge, layout_small_grid, lemuel_round_altar,
          mainiacjoe_overflow_catch_the_wave, serial_bayou, serial_bayou_lake_a,
          serial_bayou_lagoon_a, serial_bayou_crossing, serial_bayou_pond_b
D:10:     layout_gridville, minmay_circle_x
D:11:     layout_irregular_city, due_lair_maze_entry_diamond
Temple:   hellmonk_temple_forest_ring
Lair:1:   layout_small_grid, serial_bayou_pond_c, grunt_megastairs_4
Lair:2:   layout_long_grid, nicolae_swamp_entry_spooky,
          infiniplex_staircase_pool
Lair:3:   layout_roguey, nicolae_spider_entry_orb_guardian, grunt_megastairs_2,
          serial_bayou_shore_b, lemuel_fruit_tree, uniq_nergalle
Lair:4:   layout_layer_cave, dpeg_slime_entry_corner, beast_lair_carwin_5
Lair:5:   grunt_lair_end_beastmaster, layout_gridlike

Skill      XL: |  1  2  3  4  5  6  7  8  9 10 11 12 13 |
---------------+----------------------------------------+-----
Fighting       | 3 4 5 |  5.0
Short Blades   | 3 4 5 6 7 |  7.0
Spellcasting   | 1 5 10 | 10.0
Fire Magic     | 2 5 7 9 10 11 | 11.0
Conjurations   | 3 5 7 8 9 10 | 10.0
Evocations     | 3 |  3.0
Necromancy     | 7 |  7.0
Alchemy        | 3 |  3.0
Summonings     | 3 |  3.0
Dodging        | |  2.6
Stealth        | |  7.2

Action                     |  1- 3 |  4- 6 |  7- 9 | 10-12 | 13-15 || total
---------------------------+-------+-------+-------+-------+-------++-------
  Melee: Short sword       |   101 |   374 |   466 |   226 |    94 ||  1261
         Punch             |     1 |    11 |     6 |     3 |     3 ||    24
  Throw: Dart              |       |     7 |    20 |    45 |       ||    72
         Throwing net      |       |       |       |     1 |       ||     1
   Cast: Flame Wave        |       |       |     7 |    42 |     2 ||    51
         Sticky Flame      |       |       |       |   110 |    49 ||   159
         Dispel Undead     |       |       |       |    13 |       ||    13
         Summon Blazeheart |       |       |       |       |     7 ||     7
  Evoke: Wand              |       |       |    18 |    37 |       ||    55
    Use: Potion            |       |     2 |     3 |     3 |       ||     8
         Scroll            |       |       |    14 |    10 |     1 ||    25
   Stab: Sleeping          |       |     9 |    54 |     7 |     3 ||    73
         Distracted        |       |     3 |     1 |     1 |       ||     5
         Invisible         |       |       |     1 |       |       ||     1
         Held in net/web   |       |       |       |     1 |       ||     1
 Armour: Robe              |    29 |    91 |    81 |       |       ||   201
         Steam dragon scal |       |       |    55 |   338 |    95 ||   488
  Dodge: Dodged            |    67 |   145 |   232 |   463 |    91 ||   998

Table legend: (Time is in decaauts)
 A = Elapsed time spent in this place.
 B = Non-inter-level travel time spent in this place.
 C = Inter-level travel time spent in this place.
 D = Time resting spent in this place.
 E = Time spent auto-exploring this place.
 F = Levels seen in this place.
 G = Mean time per level.
                   A        B        C        D        E       F      G
               +--------+--------+--------+--------+--------+-----+--------+
         Total |  23089 |  22262 |    827 |  10991 |   6619 |  19 | 1215.2 |
       Dungeon |  12930 |  12338 |    592 |   5818 |   3955 |  11 | 1175.5 |
        Temple |     19 |      2 |     17 |      0 |      0 |   1 |   19.0 |
          Lair |   8696 |   8480 |    216 |   4578 |   2642 |   5 | 1739.2 |
         Sewer |    101 |    101 |      0 |      0 |     22 |   1 |  101.0 |
       Ossuary |   1342 |   1342 |      0 |    594 |      0 |   1 | 1342.0 |
               +--------+--------+--------+--------+--------+-----+--------+

Top non-repeatable levels by time:
  Lair:2: 2603 daAuts
     D:9: 2410 daAuts
  Lair:3: 2371 daAuts
     D:8: 2166 daAuts
  Lair:4: 1970 daAuts
    D:10: 1879 daAuts
     D:7: 1420 daAuts
  Lair:1: 1364 daAuts
 Ossuary: 1342 daAuts
     D:5: 1185 daAuts
     D:6: 925 daAuts
    D:11: 855 daAuts
     D:4: 705 daAuts
     D:2: 486 daAuts
     D:3: 455 daAuts
